Map: Royal Blood LE

Players

ShaDoWn

  • Race: Protoss Protoss
  • Spawn Location: 1:00

ShoWTimE - Winner!

  • Race: Protoss Protoss
  • League: Grandmaster
  • Spawn Location: 7:00

Event: HomeStory Cup XXIII

VOD

Have the link to the VOD?

Description

Time

  • Played on: July 1, 2023, 3:25 p.m.
  • Length: 9:58

All games in this series

Show
View Real Time Build Order
Export as new Build Order

ShaDoWn Protoss 

Build Orders: Oracle Opening 

Get SALT Encoding   

  12  0:00  Probe  
  13  0:12  Probe  
  14  0:17  Pylon  
  14  0:24  Probe  
  15  0:36  Probe (Chrono Boost)  
  15  0:37  Gateway  
  16  0:47  Probe (Chrono Boost)  
  16  0:48  Assimilator  
  17  0:52  Probe (Chrono Boost)  
  17  0:55  Assimilator  
  18  1:03  Probe (Chrono Boost)  
  19  1:08  Gateway  
  19  1:13  Probe (Chrono Boost)  
  19  1:18  Probe (Chrono Boost)  
  21  1:25  Cybernetics Core  
  21  1:30  Probe  
  22  1:34  Pylon  
  22  1:42  Probe  
  23  1:54  Probe  
  23  2:00  Warp Gate (Chrono Boost)  
  24  2:01  Stalker  
  26  2:10  Sentry  
  26  2:14  Pylon  
  28  2:28  Oracle  
  28  2:29  Nexus  
  28  2:35  Pylon  
  28  2:42  Stalker  
  30  2:50  Stalker  
  32  2:53  Probe  
  33  3:00  Shield Battery  
  33  3:10  Probe  
  34  3:22  Probe  
  35  3:27  Twilight Council  
  35  3:32  Pylon  
  35  3:41  Stalker x2  
  39  3:42  Probe (Chrono Boost)  
  39  3:43  Probe (Chrono Boost)  
  41  3:54  Probe (Chrono Boost)  
  41  3:55  Probe (Chrono Boost)  
  43  4:00  Blink (Chrono Boost)  
  43  4:01  Probe x2 (Chrono Boost)  
  45  4:08  Probe  
  45  4:09  Probe  
  47  4:21  Probe  
  47  4:24  Probe  
  49  4:28  Nexus  
  49  4:33  Probe  
  49  4:34  Stalker  
  52  4:40  Stalker  
  52  4:41  Probe  
  54  4:45  Probe  
  55  4:53  Probe  
  55  4:57  Probe, Stalker  
  59  5:05  Probe, Pylon  
  59  5:12  Probe (Chrono Boost)  
  59  5:14  Nexus  
  57  5:25  Probe (Chrono Boost)  
  57  5:27  Stalker x2  
  61  5:29  Probe (Chrono Boost)  
  62  5:37  Probe  
  62  5:39  Probe  
  62  5:41  Gateway  
  64  5:44  Gateway  
  64  5:49  Probe  
  65  5:52  Stalker x2  
  69  6:01  Probe  
  70  6:08  Probe  
  69  6:13  Charge (Chrono Boost)  
  69  6:15  Probe  
  69  6:17  Stalker  
  70  6:24  Pylon  
  71  6:26  Probe (Chrono Boost)  
  71  6:28  Probe (Chrono Boost)  
  71  6:30  Forge  
  71  6:31  Probe (Chrono Boost), Pylon, Stalker  
  75  6:37  Probe (Chrono Boost), Stalker  
  80  6:41  Probe (Chrono Boost)  
  80  6:42  Probe x2 (Chrono Boost)  
  80  6:43  Stalker x2  
  85  6:49  Probe  
  85  6:51  Probe  
  88  6:55  Stalker, Protoss Ground Weapons Level 1 (Chrono Boost)  
  89  7:01  Stalker  
  89  7:02  Gateway x2  
  89  7:05  Phoenix  
  89  7:06  Zealot x2  
  95  7:13  Nexus  
  95  7:16  Pylon  
  95  7:18  Zealot  
  97  7:24  Zealot  
  97  7:25  Photon Cannon  
  97  7:26  Zealot  
  101  7:34  Probe x2  
  101  7:35  Pylon, Photon Cannon  
  103  7:38  Probe  
  102  7:46  Probe  
  102  7:47  Probe, Zealot x2  
  102  7:50  Pylon  
  108  7:57  Zealot x4  
  116  8:01  Probe  
  116  8:02  Probe  
  117  8:08  Probe, Zealot x2  
  117  8:11  Pylon  
  122  8:13  Probe  
  122  8:14  Probe  
  122  8:16  Pylon  
  120  8:20  Probe  
  120  8:26  Probe  
  120  8:27  Zealot x4  
  120  8:31  Dark Shrine  
  126  8:34  Probe  
  126  8:38  Nexus  
  126  8:41  Pylon  
  127  8:43  Probe  
  127  8:44  Probe  
  127  8:45  Probe  
  127  8:46  Probe  
  129  8:55  Probe  
  130  8:56  Probe  
  130  8:57  Robotics Facility  
  130  9:01  Zealot x5  
  137  9:05  Probe x2  
  137  9:07  Probe  
  137  9:08  Probe  
  141  9:13  Zealot  
  139  9:17  Probe, Gateway  
  139  9:18  Gateway  
  134  9:26  Zealot x5  
  132  9:33  Zealot  
  116  9:41  Probe  
  87  9:46  Zealot x5  
  87  9:51  Shield Battery  
  84  9:54  Dark Templar  
Show
View Real Time Build Order
Export as new Build Order

ShoWTimE Protoss - Winner!

Build Orders: Phoenix Opening, Blink Stalkers 

Get SALT Encoding   

  12  0:00  Probe  
  13  0:12  Probe  
  14  0:17  Pylon  
  14  0:24  Probe (Chrono Boost)  
  15  0:35  Gateway  
  15  0:36  Probe (Chrono Boost)  
  16  0:44  Probe (Chrono Boost)  
  16  0:45  Assimilator  
  17  0:50  Probe  
  18  1:03  Probe (Chrono Boost)  
  19  1:04  Assimilator  
  19  1:10  Gateway  
  19  1:13  Probe (Chrono Boost)  
  19  1:18  Probe (Chrono Boost)  
  20  1:23  Cybernetics Core  
  21  1:29  Probe  
  22  1:34  Pylon  
  22  1:41  Probe  
  23  1:53  Probe  
  24  1:59  Stalker x2  
  24  2:01  Warp Gate  
  28  2:09  Pylon  
  28  2:29  Stalker x2  
  32  2:56  Nexus  
  32  2:57  Probe  
  33  2:59  Sentry  
  35  3:10  Twilight Council  
  35  3:11  Probe  
  36  3:23  Probe  
  36  3:24  Pylon  
  37  3:32  Phoenix  
  37  3:35  Probe  
  37  3:40  Blink (Chrono Boost)  
  38  3:47  Probe  
  39  3:49  Stalker  
  39  3:51  Stalker  
  43  3:59  Probe  
  44  4:07  Probe  
  45  4:11  Probe  
  45  4:14  Adept x2  
  50  4:19  Probe  
  50  4:23  Probe  
  52  4:32  Probe  
  52  4:34  Stalker  
  52  4:35  Probe, Stalker  
  58  4:44  Probe  
  59  4:47  Pylon  
  59  4:48  Probe  
  60  4:56  Probe  
  60  4:57  Nexus  
  61  5:05  Stalker x2  
  65  5:07  Probe  
  65  5:08  Phoenix  
  65  5:10  Probe  
  67  5:20  Probe  
  64  5:23  Robotics Facility  
  64  5:24  Probe  
  64  5:26  Pylon  
  64  5:27  Assimilator  
  65  5:35  Stalker, Sentry  
  67  5:36  Probe  
  67  5:38  Shield Battery  
  70  5:43  Forge  
  70  5:44  Probe  
  70  5:48  Probe  
  72  5:54  Gateway x2  
  72  5:56  Probe  
  73  6:00  Probe  
  73  6:04  Stalker  
  74  6:08  Probe  
  71  6:13  Probe (Chrono Boost)  
  71  6:14  Probe (Chrono Boost), Charge, Stalker  
  74  6:20  Probe (Chrono Boost), Protoss Ground Weapons Level 1 (Chrono Boost)  
  74  6:25  Probe (Chrono Boost)  
  76  6:26  Probe (Chrono Boost), Observer  
  76  6:32  Probe (Chrono Boost)  
  79  6:33  Pylon  
  79  6:34  Probe x2 (Chrono Boost)  
  79  6:36  Probe (Chrono Boost)  
  79  6:39  Probe  
  82  6:40  Probe  
  82  6:43  Stalker  
  82  6:46  Pylon  
  87  6:47  Phoenix, Stalker  
  87  6:52  Observer  
  92  7:00  Gateway  
  89  7:02  Gateway  
  89  7:06  Gateway  
  89  7:07  Probe  
  90  7:09  Gateway  
  90  7:17  Stalker x3  
  90  7:20  Stalker  
  90  7:21  Pylon  
  90  7:22  Pylon  
  98  7:30  Nexus  
  98  7:33  Probe x2  
  98  7:34  Probe  
  98  7:35  Pylon  
  101  7:40  Phoenix  
  101  7:49  Shield Battery  
  99  7:52  Stalker x4  
  99  7:57  Zealot x2  
  111  7:59  Pylon  
  111  8:04  Stalker x2  
  111  8:20  Stalker x4  
  111  8:23  Zealot x2  
  121  8:33  Photon Cannon  
  121  8:36  Zealot x2  
  126  8:41  Probe x3  
  126  8:45  Zealot x5  
  138  8:55  Shield Battery  
  138  9:01  Probe x4  
  142  9:03  Stalker x3  
  142  9:07  Photon Cannon  
  148  9:15  Zealot x4  
  156  9:17  Warp Prism (Chrono Boost)  
  156  9:21  Pylon  
  156  9:22  Pylon  
  154  9:33  Stalker x2  
  140  9:40  Zealot  
  140  9:41  Zealot x5  
Tags
 
Add a new tag
Caveats
  • Supply blocks, unpowered buildings, or Contaminate may cause inaccurate times.
  • Supply counts are checked every 10 seconds.